 Dungeon Crawl Stone Soup version 0.29-a0-577-gafbf2c5d25 (webtiles) character file.

Game seed: 9368311727788215762

4734 xian the Carver (level 10, -1/86 HPs)
             Began as a Pale Draconian Fighter on June 14, 2022.
             Was an Initiate of Wu Jian.
             Slain by Urug
             ... wielding a +0 battleaxe
              (18 damage)
             ... on level 10 of the Dungeon.
             The game lasted 00:34:04 (8612 turns).

xian the Carver (Pale Draconian Fighter)            Turns: 8612, Time: 00:34:05

Health: -1/86      AC: 13    Str: 18    XL:     10   Next: 22%
Magic:  0/10       EV: 15    Int:  9    God:    Wu Jian [......]
Gold:   1317       SH:  6    Dex: 17    Spells: 9/9 levels left

rFire   . . .      SeeInvis .   G - +4 spear (freeze)
rCold   . . .      Faith    .   b - +0 buckler
rNeg    + . .      Spirit   +   (body armour unavailable)
rPois   .          Reflect  .   (helmet restricted)
rElec   .          Harm     .   z - +1 cloak {Will+}
rCorr   .          Rampage  +   g - +2 pair of gloves
Will    +....                   p - +0 pair of boots
Stlth   +++.......              k - amulet of Satisfaction {Spirit Rampage Regen+ Str-4}
HPRegen 1.04/turn               r - ring of positive energy
MPRegen 0.12/turn               y - +6 ring of dexterity

@: no status effects
A: breathe steam, AC +7, unfitting armour, cold-blooded, steam resistance
a: Breathe Steam, Renounce Religion


You were on level 10 of the Dungeon.
You worshipped Wu Jian.
Wu Jian was noncommittal.
You visited 2 branches of the dungeon, and saw 11 of its levels.
You also visited: Sewer.

You collected 1317 gold pieces.

Inventory:

Hand Weapons
 G - a +4 spear of freezing (weapon)
Armour
 b - a +0 buckler (worn)
 g - a +2 pair of gloves (worn)
 p - a +0 pair of boots (worn)
 u - the +2 ring mail of Wisdom {Will+}
   (You found it on level 6 of the Dungeon)

   Will:      It increases your willpower.
 z - a +1 cloak of willpower (worn)
 F - a scarf of resistance
Jewellery
 f - a ring of fire
 k - the amulet of Satisfaction (around neck) {Spirit Rampage Regen+ Str-4}
   (You found it on level 4 of the Dungeon)

   [amulet of guardian spirit]

   It causes incoming damage to be divided between your reserves of health and
   magic.
   Str:       It affects your strength (-4).
   Regen:     It increases your rate of health regeneration.
   Rampage:   It bestows one free step when moving towards enemies.
 r - a ring of positive energy (left hand)
 y - a +6 ring of dexterity (right hand)
 A - a ring of magical power
Wands
 a - a wand of charming (12)
 e - a wand of flame (33)
 o - a wand of iceblast (19)
 H - a wand of paralysis (4)
 I - a wand of digging (4)
 K - a wand of acid (7)
Scrolls
 d - 3 scrolls of magic mapping
 j - a scroll of fog
 l - a scroll of fear
 m - 3 scrolls of enchant weapon
 q - a scroll of enchant armour
 v - 3 scrolls of identify
 C - 4 scrolls of immolation
 D - a scroll of vulnerability
Potions
 c - 3 potions of heal wounds
 h - a potion of magic
 i - a potion of attraction
 n - 2 potions of resistance
 s - a potion of mutation
 t - 2 potions of ambrosia
 w - 2 potions of flight
 B - 4 potions of curing
 J - a potion of berserk rage {unknown}


   Skills:
 + Level 7.3 Fighting
 + Level 9.4 Long Blades
 + Level 3.7 Polearms
 + Level 7.0 Dodging
 + Level 4.0 Stealth
 + Level 5.6 Shields
 + Level 0.4 Evocations


You had 9 spell levels left.
You didn't know any spells.
Your spell library contained the following spells:

 Spells                   Type           Power      Damage    Failure   Level
 Conjure Flame            Conj/Fire      0%         6-21      83%         3
 Ignite Poison            Fire/Tmut/Pois 0%         N/A       83%         3
 Animate Dead             Necr           0%         N/A       99%         4
 Fulminant Prism          Conj/Hex       0%         3d6       99%         4
 Iskenderun's Mystic Bla  Conj/Tloc      0%         2d3       99%         4
 Sticky Flame             Conj/Fire      0%         2d3       99%         4
 Borgnjor's Vile Clutch   Necr/Erth      0%         N/A       100%        5
 Lee's Rapid Deconstruct  Erth           0%         3d5*      100%        5
 Death Channel            Necr           0%         N/A       100%        6


Dungeon Overview and Level Annotations

Branches:
Dungeon (10/15)            Temple (1/1) D:6             Orc (0/2) D:10
  Sewer (visited)
   Lair: D:8-11

Altars:
Ashenzari
Cheibriados
Dithmenos
Elyvilon
Fedhas
Gozag
Hepliaklqana
Kikubaaqudgha
Makhleb
Nemelex Xobeh
Okawaru
Qazlal
Ru
Sif Muna
Trog
Uskayaw
Vehumet
Wu Jian
Xom
Yredelemnul
Zin
The Shining One
Beogh
Ignis

Annotations:
D:10 Urug


Innate Abilities, Weirdness & Mutations

You can breathe blasts of scalding, opaque steam.
Your pale cyan-grey scales are hard. (AC +7)
You cannot fit into any form of body armour.
You are cold-blooded and may be slowed by cold attacks.
You are immune to the effects of steam.


Message History

You have got your breath back.
You start resting.
Your extra speed is starting to run out.
You start resting.
Urug is nearby!
Aiming: Breathe Steam (1% risk of failure)
Press: ? - help, Shift-Dir - straight line, f/p - Urug
Aim: Urug, wielding a +0 battleaxe, wearing a +2 scale mail of cold resistance and quivering silver javelins (heavily wounded, 67% to hit)
You exhale a blast of scalding steam.
You feel yourself slow down.
You rampage towards Urug!
You puncture Urug!
Urug is severely wounded.
Urug is engulfed in a cloud of scalding steam.
You block Urug's attack.
You hit Urug but do no damage.
Urug is severely wounded.
Urug hits you with a +0 battleaxe!
You barely miss Urug.
Urug is severely wounded.
Urug hits you with a +0 battleaxe!!
* * * LOW HITPOINT WARNING * * *
You closely miss Urug. You tail-slap Urug, but do no damage.
Urug is severely wounded.
You have got your breath back.
Urug screams, "You are already dead."
Urug completely misses you.
You hit Urug but do no damage.
Your tail-slap misses Urug.
Urug is severely wounded.
Urug hits you with a +0 battleaxe!
* * * LOW HITPOINT WARNING * * *
You barely miss Urug.
Urug is severely wounded.
Urug hits you with a +0 battleaxe!!
* * * LOW HITPOINT WARNING * * *
You closely miss Urug.
Urug is severely wounded.
You block Urug's attack.
Unknown command.
You feel much better. Urug hits you with a +0 battleaxe!!
You die...

#############
#...........#
#.###..####.#
#.##...####.#
#.#.#...(...#########
#.##...#.##..........
#.##...#.##..######..
#...@........# #...
####o.#####.## #...
#........# #...
####.######## ##..
#....# #.. #.#### #.#
######.# #.. #..o§§.#
#.. #.####.# #....


You could see Urug.

Vanquished Creatures
  3 trolls
  Grinder (D:5)
  Sigmund (D:2)
  A wraith (D:10)
  A steam dragon (D:9)
  Pargi (Sewer)
  A black bear (D:5)
  2 ice beasts
  3 centaurs
  The ghost of xSliceyx the Covered, an amateur FoFi (D:3)
  2 phantoms
  A kobold brigand (D:8)
  Blork the orc (D:5)
  A necrophage (D:5)
  3 bullfrogs
  A gnoll sergeant (D:8)
  A scorpion (D:7)
  18 wights (D:8)
  5 killer bees
  3 howler monkeys
  A jelly (D:6)
  5 orc priests
  A hound (D:5)
  Crazy Yiuf (D:6)
  A gnoll shaman (D:5)
  2 iguanas
  10 orc wizards
  Ijyb (D:4)
  4 adders
  7 gnolls
  2 white imps
  An ufetubus (D:6)
  3 worms
  2 dart slugs
  39 orcs
  6 ball pythons
  6 endoplasms
  2 giant cockroaches
  3 goblins
  7 hobgoblins
  4 jackals (D:2)
  3 quokkas
  6 bats
  4 frilled lizards (D:1)
  14 kobolds
  10 rats
196 creatures vanquished.

Notes
Turn   | Place    | Note
-------+----------+-------------------------------------------
     0 | D:1      | xian the Draconian Fighter began the quest for the Orb.
     0 | D:1      | Reached XP level 1. HP: 19/19 MP: 1/1
   233 | D:1      | Reached XP level 2. HP: 26/26 MP: 2/2
   886 | D:2      | Reached XP level 3. HP: 26/31 MP: 3/3
  1030 | D:2      | Noticed Sigmund
  1039 | D:2      | Killed Sigmund
  1040 | D:2      | Reached skill level 3 in Long Blades
  1040 | D:2      | Reached skill level 1 in Stealth
  1040 | D:2      | Reached XP level 4. HP: 20/40 MP: 4/4
  1040 | D:2      | Reached XP level 5. HP: 23/46 MP: 5/5
  1453 | D:2      | Reached skill level 4 in Long Blades
  1648 | D:3      | Found a hazy altar of Hepliaklqana.
  1661 | D:3      | Found a shadowy altar of Dithmenos.
  1661 | D:3      | Noticed a shadow
  1775 | D:3      | Noticed an ice beast
  1791 | D:3      | HP: 1/46 [ice beast (13)]
  1804 | D:3      | Killed an ice beast
  1805 | D:3      | Reached XP level 6. HP: 36/52 MP: 6/6
  2196 | D:3      | Found a runed translucent gate.
  2199 | D:3      | Found a runed translucent gate.
  2200 | D:3      | Found a runed translucent gate.
  2200 | D:3      | Noticed xSliceyx's ghost (amateur FoFi)
  2246 | D:3      | Killed xSliceyx's ghost
  2644 | D:2      | Reached skill level 5 in Long Blades
  3001 | D:4      | Found a shimmering altar of Xom.
  3010 | D:4      | Identified the amulet of Satisfaction {Spirit Rampage
                  | Regen+ Str-4}
  3225 | D:4      | Found a glowing drain.
  3238 | Sewer    | Entered a sewer
  3374 | Sewer    | Noticed Pargi
  3398 | Sewer    | Killed Pargi
  3399 | Sewer    | Your scales start taking on a pale cyan-grey colour.
  3399 | Sewer    | Reached XP level 7. HP: 54/60 MP: 5/7
  3399 | Sewer    | Gained mutation: You are immune to the effects of steam.
                  | [Pale Draconian growth]
  3518 | D:4      | Noticed Ijyb
  3535 | D:4      | Killed Ijyb
  3990 | D:4      | Found a glowing silver altar of Zin.
  4009 | D:5      | Entered Level 5 of the Dungeon
  4018 | D:5      | Noticed Grinder
  4033 | D:5      | Paralysed by Grinder for 2 turns
  4039 | D:5      | Paralysed by Grinder for 3 turns
  4053 | D:5      | Killed Grinder
  4054 | D:5      | Reached skill level 6 in Long Blades
  4107 | D:5      | Reached skill level 5 in Fighting
  4133 | D:5      | Reached XP level 8. HP: 48/69 MP: 5/8
  4294 | D:5      | Reached skill level 7 in Long Blades
  4316 | D:5      | Identified the +2 robe of Cowardice {rC+ rN+ Regen+ Dex-2}
  4361 | D:5      | Noticed Blork the orc
  4370 | D:5      | Killed Blork the orc
  4447 | D:5      | Reached skill level 5 in Dodging
  4804 | D:6      | Found a staircase to the Ecumenical Temple.
  4810 | Temple   | Entered the Ecumenical Temple
  5125 | D:6      | Identified the +2 ring mail of Wisdom {Will+}
  5270 | D:6      | Reached skill level 8 in Long Blades
  5370 | D:6      | Found a runed translucent door.
  5371 | D:6      | Noticed Crazy Yiuf
  5382 | D:6      | Killed Crazy Yiuf
  5570 | D:7      | Found a blossoming altar of Fedhas.
  5696 | D:7      | Reached XP level 9. HP: 78/78 MP: 9/9
  5901 | D:7      | Found an iron altar of Okawaru.
  5902 | D:7      | Found a broken altar of Ashenzari.
  6371 | D:8      | Found a sacrificial altar of Ru.
  6425 | D:8      | Reached skill level 9 in Long Blades
  6732 | D:8      | Reached skill level 5 in Shields
  6837 | D:8      | Reached skill level 1 in Polearms
  7253 | D:9      | Noticed a troll
  7264 | D:9      | Killed a troll
  7540 | D:9      | Identified a scroll of acquirement
  7541 | D:9      | Acquired 708 gold pieces
  8110 | D:9      | Reached XP level 10. HP: 86/86 MP: 10/10
  8203 | D:10     | Entered Level 10 of the Dungeon
  8257 | D:10     | Found an ornate altar of the Wu Jian Council.
  8268 | D:10     | Became a worshipper of the Wu Jian Council
  8316 | D:10     | Found a staircase to the Orcish Mines.
  8546 | D:10     | Found a hide-covered altar of Uskayaw.
  8548 | D:10     | Noticed Urug
  8610 | D:10     | HP: 1/86 [Urug/+0 battleaxe (19)]
  8612 | D:10     | Slain by Urug

Illustrated notes

Levels and vault maps discovered:
D:1:      dpeg_arrival_shrine, layout_loops_ring
D:2:      layout_rooms, uniq_sigmund
D:3:      layout_basic, riverfiend_overflow_shadow_ancestor,
          biasface_ghost_orc_armoury, kennysheep_generic_room_14
D:4:      layout_loops_ring, kennysheep_mini, mainiacjoe_overflow_alcove_1,
          portal_sewer_entry_e, uniq_ijyb
D:5:      layout_loops_cross, hangedman_decor_growths, uniq_grinder,
          uniq_blork_the_orc
D:6:      layout_rooms, temple_green, minmay_hedge_maze, uniq_crazy_yiuf_cottage
D:7:      layout_basic, chequers_temple_overflow_statue_of_worship,
          mainiacjoe_overflow_paths
D:8:      layout_loops_ring, mainiacjoe_overflow_24_doors
D:9:      layout_layer_cave
D:10:     layout_loops_cross, mainiacjoe_overflow_chevrons,
          nicolae_uskayaw_murder_on_the_dancefloor, uniq_urug, uniq_fannar
Temple:   pdpol_scorched_temple

Skill      XL: |  1  2  3  4  5  6  7  8  9 10 |
---------------+-------------------------------+-----
Dodging        | 3 4 5 6 7 |  7.0
Long Blades    | 3 4 5 6 8 9 |  9.4
Stealth        | 1 2 3 4 |  4.0
Fighting       | 4 5 6 7 |  7.3
Shields        | 4 5 |  5.6
Polearms       | 2 3 |  3.7
Evocations     | |  0.4

Action                   |  1- 3 |  4- 6 |  7- 9 | 10-12 || total
-------------------------+-------+-------+-------+-------++-------
Melee: Long sword        |    75 |   204 |   220 |       ||   499
       Tailslap          |     4 |    19 |    48 |     8 ||    79
       Spear             |       |       |    78 |    50 ||   128
 Abil: Breathe Steam     |       |       |    34 |     9 ||    43
Evoke: Wand              |       |     5 |     1 |       ||     6
  Use: Scroll            |     4 |     8 |     7 |     1 ||    20
       Potion            |     1 |    10 |       |     2 ||    13
 Stab: Sleeping          |     1 |     3 |     2 |       ||     6
Armor: Skin              |    38 |    91 |    83 |    13 ||   225
Dodge: Dodged            |    61 |    95 |   146 |    30 ||   332
Block: Buckler           |    19 |    49 |    65 |    20 ||   153

Table legend: (Time is in decaauts)
 A = Elapsed time spent in this place.
 B = Non-inter-level travel time spent in this place.
 C = Inter-level travel time spent in this place.
 D = Time resting spent in this place.
 E = Time spent auto-exploring this place.
 F = Levels seen in this place.
 G = Mean time per level.
                   A        B        C        D        E       F      G
               +--------+--------+--------+--------+--------+-----+--------+
         Total |   8679 |   8511 |    168 |    219 |   4862 |  12 |  723.2 |
       Dungeon |   8402 |   8234 |    168 |    219 |   4840 |  10 |  840.2 |
        Temple |     77 |     77 |      0 |      0 |     20 |   1 |   77.0 |
         Sewer |    198 |    198 |      0 |      0 |      2 |   1 |  198.0 |
               +--------+--------+--------+--------+--------+-----+--------+

Top non-repeatable levels by time:
     D:3: 1326 daAuts
     D:9: 1123 daAuts
     D:8: 866 daAuts
     D:2: 856 daAuts
     D:4: 842 daAuts
     D:1: 836 daAuts
     D:5: 797 daAuts
     D:7: 769 daAuts
     D:6: 586 daAuts
    D:10: 398 daAuts
   Sewer: 198 daAuts
  Temple: 77 daAuts
